 Dungeon Crawl Stone Soup version 0.23.2-40-g277498a001 (webtiles) character file.

Game seed: 8335722282688179115

598 Descartes the Shield-Bearer (level 7, -13/55 HPs)
             Began as a Formicid Fighter on Sept 7, 2019.
             Killed by divine providence
             ... invoked by an orc priest
              (15 damage)
             ... on level 4 of the Dungeon.
             The game lasted 00:07:13 (3244 turns).

Descartes the Shield-Bearer (Formicid Fighter)      Turns: 3244, Time: 00:07:14

Health: -13/55     AC: 14    Str: 20    XL:     7   Next: 68%
Magic:  7/7        EV:  6    Int: 10    God:
Gold:   176        SH: 10    Dex: 10    Spells: 6/6 levels left

rFire    . . .     SeeInvis +   a - +0 war axe
rCold    . . .     Gourm    .   c - +0 shield
rNeg     . . .     Faith    .   i - +0 plate armour
rPois    .         Spirit   .   (helmet unavailable)
rElec    .         Reflect  .   (no cloak)
rCorr    .         Harm     .   n - +0 pair of gloves
MR       .....                  u - +0 pair of boots
Stlth    ..........             (no amulet)
HPRegen  0.18/turn              (no ring)
MPRegen  0.10/turn              (no ring)

@: no status effects
A: permanent stasis, dig shafts and tunnels, four strong arms, antennae 3
a: Dig, Shaft Self


You were on level 4 of the Dungeon.
You were very hungry.

You visited 1 branch of the dungeon, and saw 4 of its levels.

You collected 176 gold pieces.

Inventory:

Hand Weapons
 a - a +0 war axe (weapon)
 o - a +1 short sword of draining
 A - a +0 flail
Missiles
 e - 109 stones (quivered)
 h - 2 tomahawks
 l - 43 poisoned needles
 q - 25 arrows
 x - a throwing net
Armour
 c - a +0 shield (worn)
 i - a +0 plate armour (worn)
 n - a +0 pair of gloves (worn)
 u - a +0 pair of boots (worn)
Wands
 b - a wand of iceblast (5)
Scrolls
 j - 3 scrolls of immolation
 s - a scroll of remove curse
 t - a scroll of fear {unknown}
 v - a scroll of enchant weapon {unknown}
 y - 2 scrolls of identify {unknown}
Potions
 d - a potion of might
 g - a potion of haste {unknown}
 m - 2 potions of mutation {unknown}
 p - 5 potions of lignification {unknown}
 r - a potion of experience {unknown}
 w - 2 potions of curing {unknown}
 z - a potion of degeneration {unknown}
Comestibles
 f - 7 rations
 k - 2 chunks of flesh


   Skills:
 + Level 4.6 Fighting
 + Level 3.6 Axes
 + Level 4.8 Armour
 + Level 2.5 Dodging
 * Level 6.4 Shields
 + Level 0.4 Evocations


You had 6 spell levels left.
You didn't know any spells.
Your spell library was empty.

Dungeon Overview and Level Annotations

Branches:
Dungeon (4/15)
 Temple: D:4-7

Altars:
Ru


Innate Abilities, Weirdness & Mutations

You cannot be hasted, slowed, berserked, paralysed or teleported.
You can dig through walls and to a lower floor.
Your four strong arms can wield two-handed weapons with a shield.
You have a pair of large antennae on your head. (SInv)


Message History

The orc is heavily wounded.
The orc barely misses you.
You closely miss the orc.
The orc is heavily wounded.
The orc hits you but does no damage. The orc hits you with a +0 short sword.
* * * LOW HITPOINT WARNING * * *
Your plate armour prevents you from hitting the orc.
The orc is heavily wounded.
You block the orc's attack.
You slash the orc!
You kill the orc!
The orc priest hits you but does no damage.
Your plate armour prevents you from hitting the orc priest.
You block the orc priest's attack.
You barely miss the orc priest.
The orc priest hits you but does no damage.
You closely miss the orc priest.
The orc priest calls down the wrath of Beogh upon you.
Beogh smites you!
You die...

##..###.#)...#...........
##.......#..............
##.###.####......#.....
.. ##.###...........# ##
##..#{###.#####.#
#####.#### #.. #####.##
##. ##o#.##.# ##
#@#.#..## # ########


You could see an orc priest.

Vanquished Creatures
  A black bear (D:3)
  2 bullfrogs (D:3)
  A water moccasin skeleton (D:3)
  A scorpion (D:4)
  2 howler monkeys (D:4)
  Ijyb (D:3)
  4 gnolls (D:4)
  5 adders
  2 oozes
  An adder skeleton (D:4)
  2 leopard geckos
  11 orcs
  8 giant cockroaches
  8 goblins
  4 hobgoblins
  6 jackals
  5 kobolds
  A quokka (D:3)
  2 ball pythons
  9 bats
  8 frilled lizards
  6 rats
90 creatures vanquished.

Notes
Turn   | Place    | Note
-------+----------+-------------------------------------------
     0 | D:1      | Descartes the Formicid Fighter began the quest for the Orb.
     0 | D:1      | Reached XP level 1. HP: 18/18 MP: 1/1
   126 | D:1      | Reached XP level 2. HP: 24/24 MP: 2/2
   365 | D:1      | Reached skill level 4 in Shields
   444 | D:1      | Reached XP level 3. HP: 28/29 MP: 3/3
   844 | D:2      | Reached XP level 4. HP: 19/37 MP: 4/4
  1148 | D:2      | Reached skill level 1 in Dodging
  1487 | D:3      | Reached XP level 5. HP: 21/42 MP: 5/5
  1490 | D:3      | Reached skill level 5 in Shields
  1718 | D:3      | Noticed a black bear
  1725 | D:3      | Killed a black bear
  1725 | D:3      | Reached XP level 6. HP: 11/48 MP: 6/6
  2132 | D:3      | Noticed Ijyb
  2159 | D:3      | Killed Ijyb
  2357 | D:3      | Found a sacrificial altar of Ru.
  2497 | D:3      | Reached skill level 6 in Shields
  2497 | D:3      | Reached XP level 7. HP: 10/55 MP: 7/7
  3235 | D:4      | HP: 1/55 [gnoll/+0 scythe (4)]
  3244 | D:4      | Killed from afar by an orc priest

Skill      XL: |  1  2  3  4  5  6 |
---------------+-------------------+-----
Shields        | 4 5 6 |  6.4
Dodging        | 1 2 |  2.5
Armour         | 4 |  4.8
Fighting       | 4 |  4.6
Axes           | 3 |  3.6
Evocations     | |  0.4

Action                   |  1- 3 |  4- 6 |  7- 9 || total
-------------------------+-------+-------+-------++-------
Melee: War axe           |   115 |   182 |    77 ||   374
 Abil: Dig               |       |       |     3 ||     3
  Use: Scroll            |       |     5 |       ||     5
  Eat: Chunk             |       |     6 |     2 ||     8
Armor: Scale mail        |    97 |    60 |       ||   157
       Plate armour      |       |    76 |    40 ||   116
Dodge: Dodged            |    43 |    76 |    13 ||   132
Block: Shield            |    82 |   146 |    49 ||   277
